 Dungeon Crawl Stone Soup version 0.17-a0-157-g289cc6a (webtiles) character file.

89 Ngotmuk the Covered (level 4, -4/42 HPs)
             Began as a Deep Dwarf Fighter on Mar 26, 2015.
             Slain by a gnoll
             ... wielding a +0 spear
              (6 damage)
             ... on level 3 of the Dungeon.
             The game lasted 00:04:43 (1582 turns).

Ngotmuk the Covered (Deep Dwarf Fighter)            Turns: 1582, Time: 00:04:43

Health: -4/42      AC:  9    Str: 23    XL:     4   Next: 31%
Magic:  4/4        EV:  7    Int:  8    God:
Gold:   163        SH: 10    Dex: 12    Spells: 0 memorised, 3 levels left

rFire  . . .     SeeInvis .     k - -3 mace (curse)
rCold  + . .     Clarity  +     b - +0 scale mail
rNeg   . . .     SustAb   .     c - +0 shield
rPois  .         Gourm    .     (no helmet)
rElec  .         Spirit   .     q - +0 cloak
rCorr  .         Warding  .     n - +0 pair of gloves
rMut   .         Stasis   .     (no boots)
MR     .....                    o - amulet of clarity
Stlth  ..........               m - +2 ring of strength
                                g - ring of protection from cold

@: non-regenerating, not resistant to hostile enchantments, extremely unstealthy
A: damage resistance, recharge devices, sense surroundings 1, slow healing 3
a: Device Recharging


You were on level 3 of the Dungeon.
You were not hungry.

You visited 1 branch of the dungeon, and saw 3 of its levels.

You collected 163 gold pieces.

Inventory:

Hand weapons
 a - a +0 flail
 k - a cursed -3 mace (weapon)
Armour
 b - a +0 scale mail (worn)
 c - a +0 shield (worn)
 n - a +0 pair of gloves (worn)
 q - a +0 cloak (worn)
Jewellery
 g - a ring of protection from cold (left hand)
 m - a +2 ring of strength (right hand)
 o - an amulet of clarity (around neck)
Magical devices
 d - a wand of heal wounds (4)
Scrolls
 f - a scroll of teleportation {unknown}
 h - 3 scrolls of identify
 s - a scroll of magic mapping {unknown}
Potions
 e - a potion of might
 i - 2 potions of curing
 j - a potion of restore abilities {unknown}
 l - a potion of heal wounds {unknown}
 p - a potion of mutation {unknown}
Comestibles
 r - a bread ration


   Skills:
 + Level 3.4 Fighting
 + Level 2.8 Maces & Flails
 + Level 4.0 Armour
 + Level 3.8 Shields


You had 3 spell levels left.
You didn't know any spells.

Dungeon Overview and Level Annotations

Branches:
Dungeon (3/15)

Altars:


Innate Abilities, Weirdness & Mutations

You are resistant to damage.
You can recharge devices by infusing magical energy.
You passively map a small area around you.
You do not heal naturally.


Message History

You block the gnoll's attack.
You closely miss the gnoll.
The gnoll is lightly wounded.
The gnoll hits you with a spear.
* * * LOW HITPOINT WARNING * * *
You barely miss the gnoll.
The gnoll is lightly wounded.
The gnoll hits you with a spear.
* * * LOW HITPOINT WARNING * * *
You block the gnoll's attack.
You hit the gnoll.
The gnoll is moderately wounded.
You block the gnoll's attack.
You hit the gnoll.
The gnoll is heavily wounded.
You block the gnoll's attack.
You barely miss the gnoll.
The gnoll is heavily wounded.
The gnoll hits you with a spear!
You die...

#.##.#....#..#####...#
#. ..###....##......##
# ##..###......###.##
.#..........#####.#
#.............###..#
#..............##.##
#....<............#
#.................##
#.....g@...........#
#................#.###
.....................#
..#..........#....##.##
.
########..##.#..#...##
, * ..###.##......# , ,
..## #.##....... ##
#....... , , *
.####.....#


You could see a gnoll.

Vanquished Creatures
  3 adders
  A worm (D:2)
  3 giant geckos
  3 oozes (D:1)
  An orc (D:3)
  2 ball pythons
  7 goblins
  10 hobgoblins
  A quokka (D:3)
  3 bats
  4 giant newts (D:1)
  A kobold (D:3)
  11 rats
50 creatures vanquished.

Notes
Turn   | Place    | Note
--------------------------------------------------------------
     0 | D:1      | Ngotmuk, the Deep Dwarf Fighter, began the quest for the Orb.
     0 | D:1      | Reached XP level 1. HP: 20/20 MP: 1/1
   159 | D:1      | Reached XP level 2. HP: 27/27 MP: 2/2
   867 | D:2      | Reached XP level 3. HP: 21/34 MP: 3/3
  1009 | D:2      | HP: 1/34 [goblin/dagger of electrocution (18)]
  1420 | D:3      | Reached XP level 4. HP: 12/42 MP: 4/4
  1536 | D:3      | Reached skill level 4 in Armour
  1579 | D:3      | HP: 2/42 [gnoll/spear (5)]
  1582 | D:3      | Slain by a gnoll

Action                   |  1- 3 |  4- 6 || total
-------------------------+-------+-------++-------
Melee: Flail             |    56 |       ||    56
       Mace              |   143 |    46 ||   189
Evoke: Wand              |     1 |       ||     1
  Use: Scroll            |     3 |       ||     3
       Potion            |     1 |       ||     1
  Eat: Bread ration      |     1 |       ||     1
